[Event "Titled Tuesday Blitz July 11 Late 2023"]
[White "Campos, Maria Jose"]
[Black "Harish, Neeraj"]
[WhiteFideId "146803"]
[BlackFideId "30958130"]
[WhiteElo "2370"]
[BlackElo "2295"]
[Result "0-1"]
[Round "11"]
[TimeControl "180+2"]
[Date "2023.07.11"]
[WhiteClock "0:00:12"]
[BlackClock "0:00:13"]
[Board "91"]

1. c4 Nf6 2. g3 g6 3. Bg2 Bg7 4. Nc3 c5 5. Nf3 O-O 6. d4 d5 7. dxc5 Qa5 8. O-O dxc4 9. Be3 Nc6 10. Qa4 Qxa4 11. Nxa4 Nd5 12. Bg5 h6 13. Bd2 Be6 14. Rac1 Rad8 15. Rfd1 Ndb4 16. a3 Na2 17. Ra1 c3 18. Nxc3 Nxc3 19. Bxc3 Bxc3 20. bxc3 Rxd1+ 21. Rxd1 Rc8 22. Nd4 Bd7 23. Rb1 Na5 24. Bxb7 Rxc5 25. Ba6 Rxc3 26. Rb8+ Kg7 27. Ra8 Rxa3 28. Rxa7 Nc6 29. Nxc6 Bxc6 30. f3 Bb5 31. Bxb5 Rxa7 32. Bd3 Ra1+ 33. Kf2 e5 34. h4 f5 35. Ke3 Kf6 36. Kf2 Ra3 37. Bc4 Rc3 38. Bg8 g5 39. hxg5+ hxg5 40. Bd5 Ke7 41. Bg8 Kd6 42. Bf7 f4 43. gxf4 exf4 44. Bg8 Re3 45. Bf7 Kc5 46. Bg8 Kd4 47. Bh7 Kc3 48. Bg8 Re5 49. Bf7 Re7 50. Bg8 Kd2 51. Bc4 Re5 52. Ba6 Re6 53. Bb5 Re7 54. Ba6 Kc3 55. Bb5 Kd4 56. Ba6 Rh7 57. Kg2 Ke3 58. Bb5 Rc7 59. Ba6 Rc2 60. Kh3 Rxe2 61. Kg4 Rg2+ 62. Kf5 Kxf3 63. Bb7+ Kg3 64. Bxg2 Kxg2 65. Kxg5 f3 66. Kg4 f2 67. Kh4 f1=Q 68. Kg4 Qf3+ 69. Kh4 Qg3+ 70. Kh5 Kf3 71. Kh6 Kf4 72. Kh7 Kf5 73. Kh8 Kf6 74. Kh7 Qg7# 0-1


[Site "https://www.chess.com"]

[Event "Titled Tuesday Blitz July 11 Late 2023"]
[White "cedchass2006"]
[Black "Chemin, Justo Reinaldo"]
[BlackFideId "2101580"]
[WhiteElo "2346"]
[BlackElo "2257"]
[Result "0-1"]
[Round "11"]
[TimeControl "180+2"]
[Date "2023.07.11"]
[WhiteClock "0:00:09"]
[BlackClock "0:00:08"]
[Board "92"]

1. e4 d5 2. exd5 Qxd5 3. Nc3 Qa5 4. d4 c6 5. Nf3 Nf6 6. Bc4 b5 7. Bb3 e6 8. Bd2 Qc7 9. O-O Be7 10. Ne5 O-O 11. Bf4 Qb6 12. Ne2 a5 13. c3 a4 14. Bc2 c5 15. Qd3 Bb7 16. Qh3 g6 17. Ng4 Nxg4 18. Qxg4 Nd7 19. Bh6 Rfd8 20. Nf4 Nf6 21. Qg3 cxd4 22. Nxg6 fxg6 23. Bxg6 Kh8 24. Bxh7 Rg8 25. Bxg8 Rxg8 26. Qh4 Rxg2+ 27. Kh1 Rg4+ 28. f3 Rxh4 29. Bg5 Rh3 30. Kg2 Rh5 31. h4 dxc3 32. bxc3 Qc6 33. Rad1 Qxc3 34. Rc1 Qe5 35. Rfe1 Rxg5+ 36. hxg5 Qxg5+ 37. Kf2 Qh4+ 38. Ke2 Qh2+ 39. Ke3 Qe5+ 40. Kf2 Bc5+ 41. Kf1 Qg3 42. Rxc5 Qxf3+ 43. Kg1 Qg2# 0-1


[Site "https://www.chess.com"]

[Event "Titled Tuesday Blitz July 11 Late 2023"]
[White "Schuster, Karsten"]
[Black "Broca Jimenez, Fernando"]
[WhiteFideId "4611071"]
[BlackFideId "5104742"]
[WhiteElo "2333"]
[BlackElo "2228"]
[Result "0-1"]
[Round "11"]
[TimeControl "180+2"]
[Date "2023.07.11"]
[WhiteClock "0:02:17"]
[BlackClock "0:01:34"]
[Board "93"]

1. Nf3 c5 2. c3 g6 3. d4 cxd4 4. cxd4 Bg7 5. Nc3 Nf6 6. Bf4 d6 7. h3 O-O 8. e3 Nc6 9. Be2 Re8 10. Bh2 b6 11. O-O Bb7 12. Rc1 Rc8 13. Qa4 a6 14. a3 b5 15. Qd1 Qb6 16. b4 Nb8 17. Qb3 Ne4 18. Nxe4 Bxe4 19. Ng5 Bb7 20. Qxf7+ Kh8 21. Rxc8 Rxc8 22. Qxe7 Qc6 23. Ne6 Qxg2# 0-1


[Site "https://www.chess.com"]

[Event "Titled Tuesday Blitz July 11 Late 2023"]
[White "kripri"]
[Black "Ricaurte Lopez, Juan Carlos"]
[BlackFideId "3600327"]
[WhiteElo "2321"]
[BlackElo "2145"]
[Result "1-0"]
[Round "11"]
[TimeControl "180+2"]
[Date "2023.07.11"]
[WhiteClock "0:00:04"]
[BlackClock "0:00:00"]
[Board "94"]

1. d4 Nf6 2. Bf4 e6 3. e3 b6 4. c4 Bb7 5. Nc3 Bb4 6. f3 O-O 7. Bd3 c5 8. a3 Ba5 9. Ne2 d5 10. O-O dxc4 11. Bxc4 cxd4 12. exd4 Bxc3 13. Nxc3 Nc6 14. d5 Na5 15. Ba2 exd5 16. Be5 Nc4 17. Bxc4 dxc4 18. Qc2 Nd5 19. Rfe1 f6 20. Bd4 Nf4 21. Be3 Nd3 22. Re2 Re8 23. Rd1 a6 24. b3 b5 25. bxc4 bxc4 26. Na4 Rc8 27. Bb6 Qd5 28. Nc3 Qc6 29. Bd4 Nf4 30. Rxe8+ Rxe8 31. Ne4 h6 32. Bc5 Qb5 33. Be3 Bxe4 34. fxe4 Nd3 35. Qc3 Rxe4 36. Bd4 Qd5 37. Bf2 Re2 38. Rf1 Nf4 39. Qf3 Qxf3 40. gxf3 c3 41. Rc1 Rxf2 42. Rxc3 1-0


[Site "https://www.chess.com"]

[Event "Titled Tuesday Blitz July 11 Late 2023"]
[White "Tsukerman, Julia"]
[Black "Weisz, Bryan"]
[WhiteFideId "2621649"]
[BlackFideId "30934133"]
[WhiteElo "2102"]
[BlackElo "2318"]
[Result "1-0"]
[Round "11"]
[TimeControl "180+2"]
[Date "2023.07.11"]
[WhiteClock "0:00:35"]
[BlackClock "0:00:00"]
[Board "95"]

1. e4 e5 2. Nf3 Nc6 3. Bb5 Nf6 4. d3 Bc5 5. c3 d6 6. O-O Bb6 7. Nbd2 O-O 8. h3 Ne7 9. Re1 Ng6 10. Nf1 c6 11. Ba4 Bc7 12. d4 Nxe4 13. Rxe4 d5 14. Re1 e4 15. N3h2 f5 16. f3 Qh4 17. Be3 f4 18. Bf2 Qg5 19. fxe4 Bxh3 20. Qf3 Be6 21. exd5 Nh4 22. Bxh4 Qxh4 23. dxe6 Rf6 24. e7 Re8 25. Bb3+ Kh8 26. Qg4 Qh6 27. Qh3 Qg5 28. Qd7 Qh5 29. Re4 f3 30. Qg4 f2+ 31. Kh1 Qa5 32. Rd1 Rg6 33. Qd7 1-0


[Site "https://www.chess.com"]

[Event "Titled Tuesday Blitz July 11 Late 2023"]
[White "AndresDelgado77"]
[Black "Navyblue1"]
[WhiteElo "2312"]
[BlackElo "1878"]
[Result "1-0"]
[Round "11"]
[TimeControl "180+2"]
[Date "2023.07.11"]
[WhiteClock "0:00:10"]
[BlackClock "0:00:03"]
[Board "96"]

1. Nc3 c5 2. Nf3 d5 3. d4 cxd4 4. Qxd4 Nf6 5. e4 Nc6 6. Bb5 e6 7. exd5 Nxd5 8. Ne5 Bd7 9. Bxc6 Bxc6 10. Nxc6 bxc6 11. O-O Qf6 12. Qc4 Rc8 13. Nxd5 exd5 14. Re1+ Be7 15. Qb4 Rd8 16. Bd2 Kf8 17. Qb7 Bc5 18. Bc3 Qxf2+ 19. Kh1 d4 20. Rf1 Qxf1+ 21. Rxf1 f6 22. Bb4 Bxb4 23. Qxb4+ Kf7 24. Qb7+ Kg6 25. Qxc6 Rc8 26. Qe4+ Kf7 27. Qd5+ Kg6 28. Qf5+ Kf7 29. Qd7+ Kg6 30. Rf3 h5 31. Rg3+ 1-0


[Site "https://www.chess.com"]

[Event "Titled Tuesday Blitz July 11 Late 2023"]
[White "Sainz Aguirre, Ignacio"]
[Black "KorolDimitriy75"]
[WhiteFideId "5101727"]
[WhiteElo "2013"]
[BlackElo "2399"]
[Result "0-1"]
[Round "11"]
[TimeControl "180+2"]
[Date "2023.07.11"]
[WhiteClock "0:00:11"]
[BlackClock "0:00:05"]
[Board "97"]

1. e4 c5 2. Nf3 d6 3. Bb5+ Nd7 4. c3 Nf6 5. Bd3 g6 6. Bc2 e5 7. O-O Bg7 8. d4 O-O 9. Re1 Qc7 10. a4 b6 11. Na3 a6 12. Nc4 Bb7 13. d5 b5 14. axb5 axb5 15. Rxa8 Rxa8 16. Ne3 c4 17. h4 Nc5 18. Nf1 Bc8 19. Ng3 Ra1 20. Qd2 Bg4 21. Nh2 Bd7 22. h5 Qd8 23. Qe2 Bf8 24. hxg6 hxg6 25. Bg5 Rxe1+ 26. Qxe1 Be7 27. Qe3 Ne8 28. Bxe7 Qxe7 29. Qf3 Qf6 30. Ng4 Qxf3 31. gxf3 Kg7 32. Kg2 Nf6 33. Nxf6 Kxf6 34. Ne2 Kg5 35. Kg3 f5 36. exf5 gxf5 37. f4+ Kf6 38. fxe5+ dxe5 39. Kf3 f4 40. Ng1 Be8 41. Nh3 Bh5+ 42. Kg2 Be2 43. f3 Bd3 44. Bd1 Ke7 45. Nf2 Kd6 46. Ng4 Kxd5 47. Nf6+ Kd6 48. Ng4 Kd5 49. Nf6+ Ke6 50. Ng4 e4 51. fxe4 Bxe4+ 52. Kf2 Kf5 53. Nh6+ Kg6 54. Ng4 Nd3+ 55. Ke2 Nxb2 56. Ne5+ Kf5 57. Nd7 Nxd1 58. Kxd1 f3 59. Ke1 Kf4 60. Kf2 b4 61. cxb4 c3 62. Nc5 c2 63. Nb3 Bd5 64. Nc1 Bc4 65. b5 Bxb5 66. Nb3 Ba6 67. Nc1 Bc4 68. Ke1 Ke3 69. Nb3 f2# 0-1


[Site "https://www.chess.com"]

[Event "Titled Tuesday Blitz July 11 Late 2023"]
[White "Novikov, Evgenij"]
[Black "Sarkar, Justin"]
[WhiteFideId "4125380"]
[BlackFideId "2010011"]
[WhiteElo "2444"]
[BlackElo "2245"]
[Result "1-0"]
[Round "11"]
[TimeControl "180+2"]
[Date "2023.07.11"]
[WhiteClock "0:01:15"]
[BlackClock "0:00:00"]
[Board "98"]

1. d4 e6 2. c4 f5 3. Nc3 Nf6 4. g3 Be7 5. Bg2 O-O 6. d5 a5 7. Nf3 Na6 8. Be3 Bc5 9. Bxc5 Nxc5 10. Qd4 d6 11. dxe6 Bxe6 12. O-O Qe7 13. Ng5 Rad8 14. Nxe6 Qxe6 15. Nd5 c6 16. Nf4 Qe5 17. Rfd1 Rfe8 18. e3 g5 19. Ne2 Nfe4 20. Rac1 Qe7 21. Nc3 Nxc3 22. Qxc3 a4 23. b4 axb3 24. axb3 Qe5 25. Rd4 Ne4 26. Qc2 h5 27. Qe2 g4 28. f4 Qf6 29. Bxe4 fxe4 30. Rcd1 Kg7 31. Qa2 Re7 32. Qa5 1-0


[Site "https://www.chess.com"]

[Event "Titled Tuesday Blitz July 11 Late 2023"]
[White "Prieto Aranguren, Alain"]
[Black "Kohler, Aran"]
[WhiteFideId "2268906"]
[BlackFideId "1002856"]
[WhiteElo "2361"]
[BlackElo "2243"]
[Result "0-1"]
[Round "11"]
[TimeControl "180+2"]
[Date "2023.07.11"]
[WhiteClock "0:00:01"]
[BlackClock "0:00:39"]
[Board "99"]

1. e4 c6 2. d4 d5 3. Nc3 dxe4 4. Nxe4 Bf5 5. Ng3 Bg6 6. h4 h6 7. Nh3 e6 8. Nf4 Bh7 9. Bd3 Bxd3 10. Qxd3 Nf6 11. Bd2 Bd6 12. Ngh5 Nxh5 13. Nxh5 g6 14. Nf4 Qf6 15. g3 Nd7 16. O-O-O O-O-O 17. Kb1 e5 18. dxe5 Nxe5 19. Qd4 Bb8 20. Qc5 Qd6 21. Qa5 Nc4 22. Qc3 Nxd2+ 23. Kc1 Qd4 24. Qxd4 Rxd4 25. Rxd2 Rxd2 26. Kxd2 Bxf4+ 27. gxf4 Rd8+ 28. Ke3 Re8+ 29. Kf3 h5 30. f5 gxf5 31. Rg1 Re4 32. Rg5 Rxh4 33. Rxf5 Kc7 34. Rxf7+ Kb6 35. c3 Rh1 36. Rf5 a5 37. Kg2 Rb1 38. b3 h4 39. Rh5 Rb2 40. Rxh4 Rxa2 41. Kg3 Rb2 42. b4 a4 43. f4 a3 44. Rh1 Rc2 45. f5 Rxc3+ 46. Kg4 Rc4+ 47. Kg5 Rxb4 48. f6 Rb2 49. Rf1 a2 50. f7 Rb1 51. f8=Q a1=Q 52. Qf2+ c5 53. Rxb1+ Qxb1 54. Qf6+ Ka7 55. Qc3 Qg1+ 56. Kf5 Qd4 57. Qxd4 cxd4 58. Ke4 Ka6 59. Kxd4 Kb5 60. Kc3 Ka4 61. Kb2 Kb4 62. Kc2 Ka3 63. Kb1 Kb3 64. Kc1 b5 65. Kb1 b4 66. Kc1 Ka2 67. Kc2 b3+ 68. Kc3 b2 0-1


[Site "https://www.chess.com"]

[Event "Titled Tuesday Blitz July 11 Late 2023"]
[White "Cluke86"]
[Black "Alexikov, Alexander"]
[BlackFideId "14103958"]
[WhiteElo "2329"]
[BlackElo "2224"]
[Result "0-1"]
[Round "11"]
[TimeControl "180+2"]
[Date "2023.07.11"]
[WhiteClock "0:00:02"]
[BlackClock "0:00:30"]
[Board "100"]

1. e4 c5 2. Nc3 d6 3. f4 Nc6 4. Nf3 g6 5. Bb5 Bg7 6. d3 Bd7 7. Bxc6 Bxc6 8. O-O e6 9. Qe1 Ne7 10. f5 gxf5 11. Bg5 fxe4 12. dxe4 Qd7 13. Rd1 O-O-O 14. Qh4 Rde8 15. Qg3 Bxc3 16. bxc3 Bxe4 17. Ne5 Qc7 18. Nxf7 Nf5 19. Rxf5 exf5 20. Nxd6+ Kb8 21. Nxe4 Rxe4 22. Qf3 Rg8 23. Bh6 Reg4 24. g3 f4 25. Kg2 Rxg3+ 26. hxg3 Rxg3+ 27. Qxg3 fxg3 28. Rf1 Qc6+ 29. Kxg3 Qxh6 0-1


[Site "https://www.chess.com"]

[Event "Titled Tuesday Blitz July 11 Late 2023"]
[White "Miguelitro69"]
[Black "Vila Dupla, Aurelio"]
[BlackFideId "2203383"]
[WhiteElo "2274"]
[BlackElo "2172"]
[Result "1/2-1/2"]
[Round "11"]
[TimeControl "180+2"]
[Date "2023.07.11"]
[WhiteClock "0:00:05"]
[BlackClock "0:00:04"]
[Board "101"]

1. e4 c5 2. Nf3 d6 3. d4 cxd4 4. Nxd4 Nf6 5. Nc3 g6 6. Bc4 Bg7 7. Be3 O-O 8. f3 Nc6 9. Qd2 Bd7 10. O-O-O Ne5 11. Bb3 Qa5 12. Kb1 Rfc8 13. h4 Rxc3 14. Qxc3 Qxc3 15. bxc3 Rc8 16. Ne2 h5 17. Rd4 b5 18. f4 Neg4 19. Bg1 Bc6 20. Ng3 a5 21. a4 Nd7 22. axb5 Bxb5 23. Rd5 Nc5 24. Bxc5 dxc5 25. c4 Ba6 26. Rhd1 Ne3 27. Rd8+ Kh7 28. Rxc8 Bxc8 29. Rd8 Be6 30. Ra8 Nxg2 31. Rxa5 Nxf4 32. Rxc5 Bf6 33. Nf1 Ne2 34. Ne3 Nc3+ 35. Kc1 Nxe4 36. Ra5 Bxh4 37. Nd5 Bg5+ 38. Kb2 h4 39. c3 h3 40. Ra1 Nf2 41. Bd1 h2 42. Bf3 Bf5 43. Rf1 Nd3+ 44. Kb3 Ne5 45. Bh1 Bd3 46. Rf2 Bxc4+ 47. Ka4 Ng4 48. Rb2 e6 49. Nb4 Be3 50. Bf3 Nf2 51. Nc6 h1=Q 52. Bxh1 Nxh1 53. Rh2+ Kg7 54. Rxh1 Bd5 55. Re1 Bxc6+ 56. Kb4 Bf4 57. c4 Bg2 58. Kc5 Bd2 59. Re2 Bf4 60. Rxg2 Kf6 61. Kd4 g5 62. c5 Ke7 63. Ke4 Kd7 64. Rc2 Kc6 65. Kf3 f5 66. Rc4 Be5 67. Rc2 Bf6 68. Re2 e5 69. Rc2 e4+ 70. Ke3 Be7 71. Kd4 Bf6+ 72. Ke3 Be7 73. Kd4 Bf6+ 74. Ke3 1/2-1/2


[Site "https://www.chess.com"]

[Event "Titled Tuesday Blitz July 11 Late 2023"]
[White "Shapiro, Daniel"]
[Black "Kopacz, Grzegorz"]
[WhiteFideId "2001780"]
[BlackFideId "1109880"]
[WhiteElo "2292"]
[BlackElo "2224"]
[Result "1-0"]
[Round "11"]
[TimeControl "180+2"]
[Date "2023.07.11"]
[WhiteClock "0:01:22"]
[BlackClock "0:00:34"]
[Board "102"]

1. d4 Nf6 2. c4 c5 3. d5 g6 4. Nc3 Bg7 5. e4 d6 6. h3 e6 7. Nf3 O-O 8. Bd3 exd5 9. cxd5 a6 10. a4 Re8 11. O-O Qc7 12. Bf4 Nbd7 13. Rc1 Nh5 14. Bh2 Ne5 15. Be2 Nxf3+ 16. Bxf3 Nf6 17. b4 b6 18. a5 b5 19. bxc5 Qxc5 20. Na4 Qb4 21. Nb6 Rb8 22. Qe1 Qxe1 23. Rfxe1 Bf8 24. e5 dxe5 25. Bxe5 Nd7 26. Bxb8 Rxe1+ 27. Rxe1 Nxb8 28. Re8 b4 29. Rxc8 b3 30. Rxb8 b2 31. Nc4 1-0


[Site "https://www.chess.com"]

[Event "Titled Tuesday Blitz July 11 Late 2023"]
[White "Oliveira, Tiago Batista"]
[Black "Elaisaz"]
[WhiteFideId "2108291"]
[WhiteElo "2150"]
[BlackElo "2232"]
[Result "1-0"]
[Round "11"]
[TimeControl "180+2"]
[Date "2023.07.11"]
[WhiteClock "0:00:03"]
[BlackClock "0:00:00"]
[Board "103"]

1. d4 Nf6 2. c4 g6 3. Nc3 e6 4. e4 Bg7 5. Nf3 d5 6. e5 Nfd7 7. cxd5 exd5 8. Nxd5 O-O 9. Bg5 f6 10. Qb3 Kh8 11. exf6 Nxf6 12. Nxf6 Bxf6 13. Bxf6+ Qxf6 14. Be2 Nc6 15. O-O Nxd4 16. Nxd4 Qxd4 17. Rad1 Qe5 18. Bf3 c6 19. Rfe1 Qc7 20. Re2 Bf5 21. Rde1 Qf7 22. Qa3 Rfe8 23. Qc3+ Kg8 24. h3 Rxe2 25. Rxe2 Re8 26. Rd2 Re1+ 27. Kh2 Qc7+ 28. g3 Re8 29. Bd5+ Be6 30. Bb3 Bxb3 31. Qxb3+ Qf7 32. Qd3 Rf8 33. Kg2 c5 34. b3 b6 35. Qd5 Qxd5+ 36. Rxd5 Rf7 37. f4 Kg7 38. Kf3 Kf6 39. Ke4 Ke6 40. Re5+ Kd6 41. g4 b5 42. f5 gxf5+ 43. gxf5 a6 44. Re6+ Kc7 45. Rxa6 c4 46. Ra7+ 1-0


[Site "https://www.chess.com"]

[Event "Titled Tuesday Blitz July 11 Late 2023"]
[White "UgarteCesar"]
[Black "Semenova, Alina"]
[BlackFideId "24113875"]
[WhiteElo "2188"]
[BlackElo "2069"]
[Result "0-1"]
[Round "11"]
[TimeControl "180+2"]
[Date "2023.07.11"]
[WhiteClock "0:00:26"]
[BlackClock "0:00:06"]
[Board "104"]

1. e4 e5 2. Nf3 Nf6 3. Nxe5 Nxe4 4. Nf3 Nf6 5. d4 d5 6. Bg5 Bd6 7. Bd3 O-O 8. O-O Bg4 9. Nbd2 Nbd7 10. h3 Bh5 11. c3 c6 12. Qc2 Qc7 13. Rae1 Bf4 14. b4 Bxg5 15. Nxg5 Bg6 16. Bxg6 hxg6 17. Ngf3 a6 18. Ne5 Nxe5 19. Rxe5 Rfe8 20. Rfe1 Rxe5 21. dxe5 Re8 22. f4 Nh5 23. Rf1 Ng3 24. Rf3 Qb6+ 25. Kh2 Nf5 26. Nb3 f6 27. g4 Ne3 28. Qxg6 Kf8 29. exf6 gxf6 30. Qxf6+ Kg8 31. Nd4 Nc4 32. Qg6+ Kf8 33. Kg3 Qc7 34. Ne6+ Rxe6 35. Qxe6 a5 36. g5 axb4 37. cxb4 Kg7 38. Qf6+ Kg8 39. g6 Nd2 40. Ra3 Ne4+ 41. Kf3 Nxf6 42. Ra8+ Kg7 43. f5 Nd7 44. Kg4 Ne5+ 45. Kg5 Nf3+ 46. Kg4 Nd4 47. Re8 Qd7 48. Re1 Qxf5+ 49. Kg3 Qf3+ 50. Kh4 Nf5+ 51. Kg5 Qg3+ 52. Kxf5 Qxe1 53. h4 Qe4+ 54. Kg5 Qxb4 55. h5 Qa3 56. h6+ Kg8 57. Kf6 Qf3+ 58. Ke7 Qe4+ 59. Kd6 Qxg6+ 60. Kc7 Qxh6 61. Kxb7 Qc1 62. a4 Qa3 63. Kxc6 Qxa4+ 64. Kxd5 Kf7 65. Kc5 Qa6 66. Kd5 Qb6 67. Ke5 Qc5+ 68. Ke4 Qc4+ 0-1


[Site "https://www.chess.com"]

[Event "Titled Tuesday Blitz July 11 Late 2023"]
[White "Burke, Paul"]
[Black "Fominykh, Maria"]
[WhiteFideId "2605767"]
[BlackFideId "4142411"]
[WhiteElo "1921"]
[BlackElo "2171"]
[Result "1-0"]
[Round "11"]
[TimeControl "180+2"]
[Date "2023.07.11"]
[WhiteClock "0:00:24"]
[BlackClock "0:00:00"]
[Board "105"]

1. e4 g6 2. Nc3 Bg7 3. g3 d6 4. Bg2 Nf6 5. Nge2 O-O 6. O-O e5 7. d3 c6 8. h3 b5 9. a3 Nbd7 10. Bg5 a5 11. Qd2 Bb7 12. Bh6 b4 13. axb4 axb4 14. Na4 c5 15. Bxg7 Kxg7 16. f4 Bc6 17. b3 Bxa4 18. bxa4 Ra5 19. c3 Qb6 20. Kh2 Rfa8 21. d4 bxc3 22. Nxc3 cxd4 23. fxe5 dxe5 24. Nd5 Nxd5 25. exd5 Rxa4 26. Rxa4 Rxa4 27. Qf2 f5 28. g4 f4 29. Qh4 Qf6 30. g5 Qf5 31. Qh6+ Kh8 32. Rc1 Ra8 33. d6 Rf8 34. Bf3 d3 35. Bg4 Qf7 36. Rc7 Rd8 37. Bxd7 d2 38. Bg4 Qxc7 39. dxc7 Rc8 40. Qh4 Rxc7 41. Bd1 Rc1 42. Qg4 Kg7 43. Qd7+ Kf8 44. Qd8+ Kf7 45. Qf6+ Ke8 46. Qxe5+ Kd7 47. Qb5+ Kc7 48. Qa5+ Kb7 49. Qxd2 1-0


[Site "https://www.chess.com"]

[Event "Titled Tuesday Blitz July 11 Late 2023"]
[White "Gazola, Vanessa Ramos"]
[Black "Awoki, Daniel Teidi"]
[WhiteFideId "2112590"]
[BlackFideId "2100827"]
[WhiteElo "2053"]
[BlackElo "2305"]
[Result "0-1"]
[Round "11"]
[TimeControl "180+2"]
[Date "2023.07.11"]
[WhiteClock "0:00:32"]
[BlackClock "0:00:28"]
[Board "106"]

1. d4 Nf6 2. c4 e6 3. Nf3 d5 4. Nc3 Be7 5. Bg5 O-O 6. e3 Nbd7 7. cxd5 exd5 8. Bd3 c6 9. Qc2 Re8 10. O-O h6 11. Bh4 Ne4 12. Bxe7 Qxe7 13. Bxe4 dxe4 14. Nd2 Nf6 15. Rab1 a5 16. Na4 h5 17. Nb6 Ra6 18. Nxc8 Rxc8 19. h3 Qe6 20. b3 g5 21. Qc5 Qd5 22. Rbc1 Rd8 23. Rc2 Kg7 24. Rfc1 Kg6 25. Qxd5 Rxd5 26. Rc5 a4 27. b4 a3 28. Rxd5 cxd5 29. Rc7 Rb6 30. Nb3 Rxb4 31. g3 Ne8 32. Rd7 Rxb3 33. Rxd5 Rb1+ 34. Kg2 Rb2 35. Re5 Nf6 36. Ra5 Rxa2 37. d5 Nxd5 38. Rxd5 Rb2 39. Ra5 a2 40. h4 g4 41. Rg5+ Kh6 42. Ra5 b5 0-1


[Site "https://www.chess.com"]

[Event "Titled Tuesday Blitz July 11 Late 2023"]
[White "Upper, John"]
[Black "deloewre"]
[WhiteFideId "2606437"]
[WhiteElo "1995"]
[BlackElo "2105"]
[Result "0-1"]
[Round "11"]
[TimeControl "180+2"]
[Date "2023.07.11"]
[WhiteClock "0:01:38"]
[BlackClock "0:01:26"]
[Board "107"]

1. d4 Nf6 2. Nf3 g6 3. e3 Bg7 4. Bd3 O-O 5. Nbd2 d6 6. b3 Nbd7 7. Bb2 Qe8 8. O-O e5 9. dxe5 dxe5 10. e4 Qe7 11. Nc4 Nh5 12. Ba3 c5 13. Ne3 Nf4 14. Bc4 Nb6 15. Qe1 Nxc4 16. Nxc4 b6 17. Qc3 Ne2+ 0-1


[Site "https://www.chess.com"]

[Event "Titled Tuesday Blitz July 11 Late 2023"]
[White "Hartikainen, Jarmo"]
[Black "Gyulamiryan-koryun"]
[WhiteFideId "503134"]
[WhiteElo "2103"]
[BlackElo "1867"]
[Result "1/2-1/2"]
[Round "11"]
[TimeControl "180+2"]
[Date "2023.07.11"]
[WhiteClock "0:00:06"]
[BlackClock "0:00:17"]
[Board "108"]

1. e4 e5 2. Nf3 Nc6 3. Bc4 Nf6 4. d3 Be7 5. c3 O-O 6. O-O d5 7. exd5 Nxd5 8. h3 Nb6 9. Bb5 Bd7 10. Bxc6 Bxc6 11. Nxe5 Qd5 12. Nxc6 Qxc6 13. Nd2 Rad8 14. Nf3 Bf6 15. d4 Nd5 16. Qb3 a5 17. Bg5 a4 18. Qc2 a3 19. Bxf6 Nxf6 20. bxa3 Ne4 21. Ne5 Qd5 22. Rfe1 Nf6 23. Qb3 c5 24. Qxd5 Rxd5 25. Rad1 Rfd8 26. Ng4 Nxg4 27. hxg4 cxd4 28. Rxd4 g6 29. Rxd5 Rxd5 30. Rb1 Ra5 31. Rxb7 Rxa3 32. Kh2 Rxc3 33. a4 Ra3 34. Ra7 Kg7 35. f3 h5 36. Kg3 hxg4 37. Kxg4 Kf6 38. Kf4 g5+ 39. Kg4 Kg6 40. Ra6+ f6 41. g3 Ra2 42. f4 gxf4 43. gxf4 Rg2+ 44. Kh3 Ra2 45. Ra5 f5 46. Kh4 Rh2+ 47. Kg3 Ra2 48. Kh4 Rf2 49. Kg3 Ra2 50. Kh4 1/2-1/2


[Site "https://www.chess.com"]

[Event "Titled Tuesday Blitz July 11 Late 2023"]
[White "Gamboa, Juan Pablo"]
[Black "Vargas, Mauricio"]
[WhiteFideId "105180"]
[BlackFideId "4404572"]
[WhiteElo "1914"]
[BlackElo "1888"]
[Result "1-0"]
[Round "11"]
[TimeControl "180+2"]
[Date "2023.07.11"]
[WhiteClock "0:01:06"]
[BlackClock "0:00:00"]
[Board "109"]

1. c4 e5 2. Nc3 Nc6 3. g3 f5 4. Bg2 Nf6 5. e3 Bb4 6. Nge2 Bxc3 7. Nxc3 d6 8. d4 e4 9. f3 Nb4 10. fxe4 fxe4 11. Qa4+ Nc6 12. d5 Bd7 13. dxc6 Bxc6 14. Qa5 O-O 15. O-O Qe8 16. Qxc7 Qh5 17. h3 Qe5 18. Nb5 Rfd8 19. Nd4 Rac8 20. Nxc6 bxc6 21. Qxa7 Qxg3 22. Bd2 Nd7 23. Qd4 d5 24. Bc3 Nf6 25. Rxf6 gxf6 26. Qxf6 Qxe3+ 27. Kh1 Rd7 28. Rf1 1-0


[Site "https://www.chess.com"]

[Event "Titled Tuesday Blitz July 11 Late 2023"]
[White "Lutz, Igor Oscar"]
[Black "Vasques, Antonio Pedro Freixial"]
[WhiteFideId "2110806"]
[BlackFideId "1908332"]
[WhiteElo "1950"]
[BlackElo "2318"]
[Result "0-1"]
[Round "11"]
[TimeControl "180+2"]
[Date "2023.07.11"]
[WhiteClock "0:00:00"]
[BlackClock "0:00:36"]
[Board "110"]

1. d4 a6 2. c4 h6 3. Nc3 Nf6 4. e4 d6 5. Nf3 c5 6. Be3 cxd4 7. Nxd4 Nc6 8. Be2 e6 9. Qd2 Bd7 10. f4 Nxd4 11. Bxd4 Bc6 12. Bf3 Qa5 13. O-O Rc8 14. e5 dxe5 15. Bxe5 Nd7 16. Bd6 Bxd6 17. Qxd6 Qc5+ 18. Qxc5 Nxc5 19. Rad1 Ke7 20. Bxc6 Rxc6 21. Rd2 Rd8 22. Rfd1 Rxd2 23. Rxd2 Nd7 24. Rd4 Nb6 25. b3 Nc8 26. Kf2 b5 27. Ke3 Nd6 28. Kd3 bxc4+ 29. bxc4 Nf5 30. Re4 Rd6+ 31. Kc2 Nd4+ 32. Kb2 f5 33. Re5 Rb6+ 34. Kc1 Rc6 35. Ra5 Rxc4 36. Kd2 Rc6 37. Kd3 Rd6 38. Kc4 Nc2 39. Kc5 Rd3 40. Kc4 Rd4+ 41. Kc5 Rxf4 42. a4 Nb4 43. Ne2 Nd3+ 44. Kb6 Re4 45. Nc3 Rc4 46. Ne2 Nb4 0-1